 Dungeon Crawl Stone Soup version 0.32-a0-163-g159c032296 (console) character file.

Game seed: 7178326015343765588

1187 jejorda2 the Chopper (level 8, -6/67 HPs)
             Began as a Gnoll Berserker on Feb 11, 2024.
             Was a Priest of Trog.
             Mangled by a slime creature (7 damage)
             ... on level 5 of the Dungeon.
             The game lasted 00:09:38 (4147 turns).

jejorda2 the Chopper (Gnoll Berserker)              Turns: 4147, Time: 00:09:40

Health: -6/67      AC: -3    Str: 19    XL:     8   Next: 43%
Magic:  0/13       EV: 11    Int:  6    God:    Trog [***...]
Gold:   196        SH:  0    Dex: 18    Spells: 13/13 levels left

rFire   . . .        a - +0 hand axe
rCold   . . .        (no shield)
rNeg    . . .        m - +0 chain mail
rPois   .            (no helmet)
rElec   .            (no cloak)
rCorr   .            c - +1 pair of gloves
SInv    .            (no boots)
Will    .....        h - amulet of guardian spirit Stlth
                     s - +6 ring of dexterity
HPRegen 0.31/turn    (no ring)
MPRegen 0.13/turn

%: guardian spirit
@: corroded, on berserk cooldown, slowed, very slow
A: fangs 1, strong nose, distributed training
a: Renounce Religion, Berserk, Trog's Hand


You were on level 5 of the Dungeon.
You worshipped Trog.
Trog was most pleased with you.
You visited 1 branch of the dungeon, and saw 5 of its levels.

You collected 226 gold pieces.
You spent 30 gold pieces at shops.

Inventory:

Hand Weapons
 a - a +0 hand axe (weapon)
 t - a +2 heavy flail
Missiles
 u - 2 curare-tipped darts (quivered)
 x - 9 poisoned darts
Armour
 c - a +1 pair of gloves (worn)
 m - a +0 chain mail (worn)
Jewellery
 h - an amulet of guardian spirit (around neck)
 o - a ring of ice
 s - a +6 ring of dexterity (left hand)
Wands
 n - a wand of paralysis (14)
 r - a wand of roots (12)
 w - a wand of quicksilver (9)
Scrolls
 f - 3 scrolls of teleportation {unknown}
 g - 2 scrolls of revelation {unknown}
 j - a scroll of brand weapon {unknown}
 p - 2 scrolls of immolation {unknown}
Potions
 b - a potion of mutation {unknown}
 d - a potion of magic {unknown}
 e - a potion of ambrosia {unknown}
 i - 2 potions of curing {unknown}
 k - a potion of heal wounds {unknown}
 l - a potion of lignification {unknown}
 q - 3 potions of attraction
 v - 2 potions of degeneration {unknown}


   Skills:
 + Level 7.4 Fighting
 + Level 3.4 Short Blades
 + Level 3.4 Long Blades
 + Level 7.4 Axes
 + Level 3.4 Maces & Flails
 + Level 3.4 Polearms
 + Level 3.4 Staves
 + Level 3.4 Ranged Weapons
 + Level 3.4 Throwing
 + Level 5.7 Armour
 + Level 5.7 Dodging
 + Level 3.4 Stealth
 + Level 3.4 Shields
 + Level 3.4 Unarmed Combat
 + Level 3.4 Spellcasting
 + Level 2.7 Conjurations
 + Level 2.7 Hexes
 + Level 2.7 Summonings
 + Level 2.7 Necromancy
 + Level 2.7 Translocations
 + Level 2.7 Fire Magic
 + Level 2.7 Ice Magic
 + Level 2.7 Air Magic
 + Level 2.7 Earth Magic
 + Level 2.7 Alchemy
 + Level 3.7 Invocations
 + Level 3.4 Evocations
 + Level 3.1 Shapeshifting


You had 13 spell levels left.
You didn't know any spells.
Your spell library was empty.

Dungeon Overview and Level Annotations

Branches:
Dungeon (5/15)             Temple (0/1) D:5

Altars:
Ashenzari
Dithmenos
Qazlal
Ru
Uskayaw
Yredelemnul

Shops:
D:5 **

Annotations:
D:3 3 runed translucent doors, exclusion: 3 doors, Gangsterbeez's ghost, amateur MiFi


Innate Abilities, Weirdness & Mutations

You have very sharp teeth.
Your uncanny sense of smell can sniff out nearby items.
Your experience applies equally to all skills.


Message History

The slime creature barely misses you.
You slash the slime creature!
The slime creature is lightly wounded.
The slime creature hits you.
You slash the slime creature!
The slime creature is moderately wounded.
You hit the jelly. The acid corrodes you!
Your hands burn!
You hit the slime creature but do no damage.
You bite the slime creature, but do no damage.
The slime creature is moderately wounded.
You hit the jelly but do no damage. The acid corrodes you!
Your hands burn!
The jelly misses you. The slime creature hits you!
* * * LOW HITPOINT WARNING * * *
You completely miss the slime creature.
The slime creature is moderately wounded.
You slash the jelly!
Your hands burn!
* * * LOW HITPOINT WARNING * * *
You slash the slime creature! You bite the slime creature.
The slime creature is heavily wounded.
You hit the jelly but do no damage.
Your hands burn!
* * * LOW HITPOINT WARNING * * *
The jelly hits you.
* * * LOW HITPOINT WARNING * * *
The acid corrodes you!
You are splashed with acid!
* * * LOW HITPOINT WARNING * * *
The slime creature barely misses you.
You hit the jelly but do no damage.
Your hands burn!
* * * LOW HITPOINT WARNING * * *
The jelly is almost dead.
You hit the jelly.
Your hands burn!
* * * LOW HITPOINT WARNING * * *
You hit the slime creature but do no damage.
You are no longer berserk.
You are exhausted.
You feel yourself slow down. The jelly hits you.
* * * LOW HITPOINT WARNING * * *
You are splashed with acid.
* * * LOW HITPOINT WARNING * * *
The jelly barely misses you. The slime creature hits you!
You die...

.# ### .# #÷.....##.#######
.####### #.P....#.#.#....#####
.......####...÷..#.#.#.....##.#
.####....##___...#.#'#......'.##
[..##.#..##...÷..#)#........'..#
...⌠#....##__P_.J#.#........'..##
...∩#....##....JJ#.#.......##...)
...⌠#....##..P.J@'##......######)
...##..#.##......########## #)
....†.)..######### #### #.
.....##..################..# ##.
#..####.........##..#..##..# #..
....###.........###.##..#..# #..
#.....#.........# #.###....# ##.#
....#.......#######.####...# #..#
.......................#...###..#


You could see a slime creature and 3 jellies.

Vanquished Creatures
  Sigmund (D:2)
  Duvessa (D:5)
  A black bear (D:4)
  A centaur (D:4)
  2 phantoms
  2 kobold brigands (D:5)
  A scorpion (D:4)
  Dowan (D:5)
  3 jellies (D:5)
  A bombardier beetle (D:5)
  2 hounds
  Ijyb (D:5)
  3 gnolls (D:4)
  5 adders
  3 dart slugs
  3 orcs
  9 ball pythons
  6 endoplasms
  2 giant cockroaches
  7 goblins
  10 hobgoblins
  10 jackals
  16 kobolds
  6 quokkas
  4 bats
  A rat (D:2)
102 creatures vanquished.

Notes
Turn   | Place    | Note
-------+----------+-------------------------------------------
     0 | D:1      | jejorda2 the Gnoll Berserker began the quest for the Orb.
     0 | D:1      | Reached XP level 1. HP: 23/23 MP: 1/1
   126 | D:1      | Reached XP level 2. HP: 29/29 MP: 2/2
   695 | D:1      | Reached XP level 3. HP: 35/35 MP: 3/3
  1210 | D:2      | Reached skill level 1 in Invocations
  1278 | D:2      | Reached ** piety under Trog
  1391 | D:2      | Noticed Sigmund
  1397 | D:2      | Killed Sigmund
  1398 | D:2      | Reached skill level 1 in Short Blades
  1398 | D:2      | Reached skill level 1 in Long Blades
  1398 | D:2      | Reached skill level 1 in Maces & Flails
  1398 | D:2      | Reached skill level 1 in Polearms
  1398 | D:2      | Reached skill level 1 in Staves
  1398 | D:2      | Reached skill level 1 in Ranged Weapons
  1398 | D:2      | Reached skill level 1 in Throwing
  1398 | D:2      | Reached skill level 1 in Stealth
  1398 | D:2      | Reached skill level 1 in Shields
  1398 | D:2      | Reached skill level 1 in Unarmed Combat
  1398 | D:2      | Reached skill level 1 in Spellcasting
  1398 | D:2      | Reached skill level 1 in Conjurations
  1398 | D:2      | Reached skill level 1 in Hexes
  1398 | D:2      | Reached skill level 1 in Summonings
  1398 | D:2      | Reached skill level 1 in Necromancy
  1398 | D:2      | Reached skill level 1 in Translocations
  1398 | D:2      | Reached skill level 1 in Fire Magic
  1398 | D:2      | Reached skill level 1 in Ice Magic
  1398 | D:2      | Reached skill level 1 in Air Magic
  1398 | D:2      | Reached skill level 1 in Earth Magic
  1398 | D:2      | Reached skill level 1 in Alchemy
  1398 | D:2      | Reached skill level 1 in Evocations
  1398 | D:2      | Reached skill level 1 in Shapeshifting
  1398 | D:2      | Reached XP level 4. HP: 41/41 MP: 4/6
  1398 | D:2      | Reached XP level 5. HP: 47/47 MP: 4/7
  1705 | D:2      | Found a stormy altar of Qazlal.
  2186 | D:3      | Reached XP level 6. HP: 51/53 MP: 6/8
  2529 | D:3      | Found a runed translucent gate.
  2530 | D:3      | Found a runed translucent gate.
  2531 | D:3      | Found a runed translucent gate.
  2534 | D:3      | Noticed Gangsterbeez's ghost (amateur MiFi)
  2641 | D:4      | Reached skill level 5 in Armour
  2641 | D:4      | Reached skill level 5 in Dodging
  2739 | D:4      | Noticed a black bear
  2750 | D:4      | Killed a black bear
  2751 | D:4      | Reached XP level 7. HP: 57/60 MP: 10/10
  3170 | D:5      | Entered Level 5 of the Dungeon
  3321 | D:5      | Found Fautep's Specific Store.
  3321 | D:5      | Found Giub's General Store.
  3333 | D:5      | Identified the +3 quarterstaff "Istrusa" {freeze, ^Fragile
                  | Will+ MP+9 Int+4}
  3345 | D:5      | Bought a scroll of identify for 30 gold pieces
  3362 | D:5      | Found a staircase to the Ecumenical Temple.
  3368 | D:5      | Noticed Dowan
  3395 | D:5      | Killed Dowan
  3409 | D:5      | Noticed Ijyb
  3409 | D:5      | Noticed Duvessa
  3419 | D:5      | Reached *** piety under Trog
  3441 | D:5      | Paralysed by Ijyb for 5 turns
  3448 | D:5      | Killed Ijyb
  3491 | D:5      | Reached XP level 8. HP: 59/67 MP: 10/12
  3758 | D:5      | Killed Duvessa
  4112 | D:5      | Noticed a slime creature
  4136 | D:5      | Found a shadowy altar of Dithmenos.
  4136 | D:5      | Found a broken altar of Ashenzari.
  4136 | D:5      | Found a sacrificial altar of Ru.
  4136 | D:5      | Found a hide-covered altar of Uskayaw.
  4136 | D:5      | Found a sacrificial altar of Ru.
  4136 | D:5      | Found a basalt altar of Yredelemnul.
  4147 | D:5      | HP: 1/67 [acid (5)]
  4147 | D:5      | Mangled by a slime creature

Illustrated notes

Levels and vault maps discovered:
D:1:      eino_arrival_druids_welcome, layout_basic
D:2:      layout_basic, basic_altar, uniq_sigmund
D:3:      layout_rooms, gammafunk_ghost_nasty_kobolds
D:4:      layout_rooms
D:5:      cheibrodos_fertilizer, layout_rooms,
          minmay_temple_entry_drinking_statues, nicolae_specific_store,
          uniq_ijyb, uniq_duvessa

Skill      XL: |  1  2  3  4  5  6  7  8 |
---------------+-------------------------+-----
Invocations    | 1 2 3 |  3.7
Short Blades   | 1 2 3 |  3.4
Long Blades    | 1 2 3 |  3.4
Maces & Flails | 1 2 3 |  3.4
Polearms       | 1 2 3 |  3.4
Staves         | 1 2 3 |  3.4
Ranged Weapons | 1 2 3 |  3.4
Throwing       | 1 2 3 |  3.4
Stealth        | 1 2 3 |  3.4
Shields        | 1 2 3 |  3.4
Unarmed Combat | 1 2 3 |  3.4
Spellcasting   | 1 2 3 |  3.4
Conjurations   | 1 2 |  2.7
Hexes          | 1 2 |  2.7
Summonings     | 1 2 |  2.7
Necromancy     | 1 2 |  2.7
Translocations | 1 2 |  2.7
Fire Magic     | 1 2 |  2.7
Ice Magic      | 1 2 |  2.7
Air Magic      | 1 2 |  2.7
Earth Magic    | 1 2 |  2.7
Alchemy        | 1 2 |  2.7
Evocations     | 1 2 3 |  3.4
Shapeshifting  | 1 2 3 |  3.1
Armour         | 5 |  5.7
Dodging        | 5 |  5.7
Fighting       | 7 |  7.4
Axes           | 7 |  7.4

Action                     |  1- 3 |  4- 6 |  7- 9 || total
---------------------------+-------+-------+-------++-------
  Melee: Hand axe          |   107 |   103 |   177 ||   387
         Bite              |     7 |    16 |    23 ||    46
         Punch             |       |     1 |     6 ||     7
  Throw: Dart              |       |       |     1 ||     1
 Invoke: Berserk           |     1 |     1 |     4 ||     6
         Trog's Hand       |     1 |       |     2 ||     3
    Use: Scroll            |       |       |     1 ||     1
 Armour: Animal skin       |    15 |       |       ||    15
         Ring mail         |    36 |       |       ||    36
         Chain mail        |    28 |    71 |   118 ||   217
  Dodge: Dodged            |    62 |    62 |    80 ||   204

Table legend: (Time is in decaauts)
 A = Elapsed time spent in this place.
 B = Non-inter-level travel time spent in this place.
 C = Inter-level travel time spent in this place.
 D = Time resting spent in this place.
 E = Time spent auto-exploring this place.
 F = Levels seen in this place.
 G = Mean time per level.
                   A        B        C        D        E       F      G
               +--------+--------+--------+--------+--------+-----+--------+
         Total |   4171 |   4087 |     84 |    185 |   3051 |   5 |  834.2 |
       Dungeon |   4171 |   4087 |     84 |    185 |   3051 |   5 |  834.2 |
               +--------+--------+--------+--------+--------+-----+--------+

Top non-repeatable levels by time:
     D:2: 1114 daAuts
     D:1: 1023 daAuts
     D:5: 837 daAuts
     D:4: 750 daAuts
     D:3: 446 daAuts
